 Dungeon Crawl Stone Soup version 0.30-a0-34-gbe8da3892a (webtiles) character file.

Game seed: 14881107598448278973

263 pokeman the Thaumaturge (level 5, -6/29 HPs)
             Began as a Deep Elf Hedge Wizard on Aug 27, 2022.
             Mangled by a water moccasin (8 damage)
             ... on level 3 of the Dungeon.
             The game lasted 00:07:02 (2847 turns).

pokeman the Thaumaturge (Deep Elf Hedge Wizard)     Turns: 2847, Time: 00:07:03

Health: -6/29      AC:  8    Str:  7    XL:     5   Next: 97%
Magic:  17/22      EV: 12    Int: 27    God:
Gold:   26         SH:  0    Dex: 14    Spells: 19/30 levels left

rFire   . . .      SeeInvis +    l - +0 sling
rCold   . . .      Faith    .    (no shield)
rNeg    . . .      Spirit   .    c - +0 leather armour
rPois   .          Reflect  .    h - +0 helmet
rElec   .          Harm     .    p - +2 cloak {rCorr}
rCorr   +          Rampage  .    i - +0 pair of gloves
Will    .....                    (no boots)
Stlth   ++........               (no amulet)
HPRegen 0.09/turn                j - ring of see invisible
MPRegen 0.18/turn                m - +6 ring of intelligence

@: on blink cooldown
A: no striking features
a: no special abilities


You were on level 3 of the Dungeon.
You visited 1 branch of the dungeon, and saw 3 of its levels.

You collected 108 gold pieces.
You spent 82 gold pieces at shops.

Inventory:

Hand Weapons
 l - a +0 sling (weapon)
 q - a +2 quarterstaff of chaos
Armour
 c - a +0 leather armour (worn)
 h - a +0 helmet (worn)
 i - a +0 pair of gloves (worn)
 p - a +2 cloak of preservation (worn)
Jewellery
 j - a ring of see invisible (left hand)
 m - a +6 ring of intelligence (right hand)
Scrolls
 a - a scroll of noise {unknown}
 e - 3 scrolls of identify {unknown}
 g - a scroll of amnesia {unknown}
 k - a scroll of teleportation {unknown}
 n - a scroll of magic mapping
 r - a scroll of fear {unknown}
Potions
 b - 3 potions of curing {unknown}
 d - a potion of magic
 f - 2 potions of might {unknown}
 o - a potion of invisibility {unknown}


   Skills:
 - Level 1.0 Fighting
 - Level 1.0 Armour
 + Level 2.7 Dodging
 + Level 2.7 Stealth
 * Level 13.0 Spellcasting
 + Level 2.3 Conjurations
 - Level 1.1 Summonings
 - Level 1.1 Translocations


You had 19 spell levels left.
You knew the following spells:

 Your Spells              Type           Power      Damage    Failure   Level
a - Magic Dart            Conj           100%       1d8       1%          1
b - Mephitic Cloud        Conj/Pois/Air  21%        N/A       10%         3
c - Call Imp              Summ           23%        N/A       4%          2
d - Blink                 Tloc           46%        N/A       4%          2
e - Conjure Flame         Conj/Fire      23%        6-21      9%          3

Your spell library contained the following spells:

 Spells                   Type           Power      Damage    Failure   Level
 Slow                     Hex            68%        N/A       4%          1
 Confusing Touch          Hex            17%        N/A       14%         3
 Vampiric Draining        Necr           17%        2d7       14%         3


Dungeon Overview and Level Annotations

Branches:
Dungeon (3/15)

Altars:
Xom

Shops:
D:1 (([?   D:2 (:*?[


Message History

Casting: Call Imp (safe; 4% risk of failure)
Confirm with . or Enter, or press ? or * to list all spells.
A beastly little devil appears in a puff of flame.
Your crimson imp disappears in a puff of smoke!
The water moccasin attacks as you move away!
The water moccasin bites you. The water moccasin bites you!
Your crimson imp blinks!
Casting: Call Imp (safe; 4% risk of failure)
Confirm with . or Enter, or press ? or * to list all spells.
You blink.
The water moccasin bites you.
You are poisoned.
The water moccasin poisons you!
You feel very sick. The water moccasin bites you.
Your crimson imp completely misses the water moccasin.
You feel stable enough to blink again.
You feel sick.
The water moccasin bites your crimson imp!
Your crimson imp closely misses the water moccasin.
Unknown command.
* * * LOW HITPOINT WARNING * * *
You feel sick.
The water moccasin closely misses your crimson imp.
The water moccasin bites your crimson imp!
Your crimson imp dies!
Your crimson imp disappears in a puff of smoke!
Unknown command.
You feel sick.
You feel sick.
Casting: Blink (safe; 4% risk of failure)
Confirm with . or Enter, or press ? or * to list all spells.
You blink.
You feel sick.
The water moccasin attacks as you move away!
The water moccasin bites you but does no damage.
You feel sick.
Found 14 gold pieces.
You feel sick.
You are no longer poisoned.
The water moccasin bites you!
You die...

.## #$ ... . #.#.
.##.#.####
..........
...<.#..# #.#....#
###.##.#.#
#..@...#.#####
#.#S##.#.....#
...###.#..........#
.......#..........#
#.....#.....#
#.#.###.....#
#.#......####
#.######## #.#
##### #


You could see a water moccasin.

Vanquished Creatures
  A gnoll bouda (D:2)
  Crazy Yiuf (D:2)
  Jessica (D:2)
  2 adders (D:2)
  8 gnolls (D:2)
  2 worms (D:2)
  2 dart slugs
  3 bats (D:2)
  6 endoplasms
  A giant cockroach (D:1)
  3 goblins
  7 hobgoblins
  4 kobolds
  2 quokkas (D:1)
  8 ball pythons
  2 rats (D:1)
53 creatures vanquished.

Notes
Turn   | Place    | Note
-------+----------+-------------------------------------------
     0 | D:1      | pokeman the Deep Elf Hedge Wizard began the quest for the
                  | Orb.
     0 | D:1      | Reached XP level 1. HP: 10/10 MP: 7/7
    96 | D:1      | Found Gomid's Antique Weapon Boutique.
   141 | D:1      | Found Acoci's Antique Weapon Shoppe.
   426 | D:1      | Reached XP level 2. HP: 16/16 MP: 2/9
   562 | D:1      | Found Plog's Magic Scroll Emporium.
   723 | D:1      | Found Surutounioju's Antique Armour Boutique.
  1030 | D:1      | Reached skill level 12 in Spellcasting
  1030 | D:1      | Reached XP level 3. HP: 20/20 MP: 10/19
  1040 | D:1      | Learned a level 3 spell: Mephitic Cloud
  1043 | D:1      | Learned a level 2 spell: Call Imp
  1046 | D:1      | Learned a level 2 spell: Blink
  1050 | D:1      | Learned a level 3 spell: Conjure Flame
  1118 | D:1      | Found a faded altar of an unknown god.
  1351 | D:2      | Found a shimmering altar of Xom.
  1363 | D:2      | Found Riemiepn's Antique Weapon Shoppe.
  1534 | D:2      | Found Kotzuv's Assorted Antiques.
  1587 | D:2      | Reached XP level 4. HP: 24/24 MP: 18/20
  1780 | D:2      | Found Fomujerch's Book Boutique.
  1961 | D:2      | Noticed Jessica
  1964 | D:2      | Killed Jessica
  1965 | D:2      | Reached XP level 5. HP: 28/28 MP: 18/22
  2003 | D:2      | Found Giwnak Tie's Magic Scroll Shoppe.
  2018 | D:2      | Bought a scroll of magic mapping for 82 gold pieces
  2063 | D:2      | Reached skill level 1 in Fighting
  2063 | D:2      | Reached skill level 1 in Armour
  2208 | D:2      | Found Ninurom's Antique Armour Shop.
  2451 | D:2      | Found a runed translucent door.
  2452 | D:2      | Noticed Crazy Yiuf
  2641 | D:2      | Killed Crazy Yiuf
  2642 | D:2      | Reached skill level 13 in Spellcasting
  2825 | D:3      | Noticed a water moccasin
  2847 | D:3      | Mangled by a water moccasin

Illustrated notes

Levels and vault maps discovered:
D:1:      wander_arrival_estate, layout_rooms, serial_shops, shop,
          nicolae_diamond_shop, nicolae_shop_crystal, shop,
          shapermc_ecumenical_altar_pompeii, minmay_tetromino_l4
D:2:      layout_basic, serial_shops, nicolae_lakefront_shop, shop,
          nicolae_shop_stone, nicolae_shop_stone, shop, basic_altar,
          serial_park_tiny_pond, minmay_misc_feat_room,
          nicolae_underground_beach, uniq_jessica, uniq_crazy_yiuf_cottage
D:3:      layout_loops_cross, ebering_ghost_gozag, minivault_5

Skill      XL: |  1  2  3  4  5 |
---------------+----------------+-----
Spellcasting   | 12 13 | 13.0
Fighting       | 1 |  1.0
Armour         | 1 |  1.0
Conjurations   | 2 |  2.3
Dodging        | |  2.7
Stealth        | |  2.7
Summonings     | |  1.1
Translocations | |  1.1

Action                   |  1- 3 |  4- 6 || total
-------------------------+-------+-------++-------
Melee: Dagger            |    12 |       ||    12
 Fire: Sling             |     6 |    26 ||    32
 Cast: Magic Dart        |    76 |    43 ||   119
       Mephitic Cloud    |       |     7 ||     7
       Conjure Flame     |       |     5 ||     5
       Blink             |       |     2 ||     2
       Call Imp          |       |     2 ||     2
  Use: Potion            |     1 |       ||     1
Armor: Leather armour    |     8 |     3 ||    11
Dodge: Dodged            |    10 |     3 ||    13

Table legend: (Time is in decaauts)
 A = Elapsed time spent in this place.
 B = Non-inter-level travel time spent in this place.
 C = Inter-level travel time spent in this place.
 D = Time resting spent in this place.
 E = Time spent auto-exploring this place.
 F = Levels seen in this place.
 G = Mean time per level.
                   A        B        C        D        E       F      G
               +--------+--------+--------+--------+--------+-----+--------+
         Total |   2859 |   2821 |     38 |      0 |   2415 |   3 |  953.0 |
       Dungeon |   2859 |   2821 |     38 |      0 |   2415 |   3 |  953.0 |
               +--------+--------+--------+--------+--------+-----+--------+

Top non-repeatable levels by time:
     D:2: 1426 daAuts
     D:1: 1349 daAuts
     D:3: 83 daAuts
